 Dungeon Crawl Stone Soup version 0.30-a0-782-ge64f9170bb (webtiles) character file.

Game seed: 4039116680441480179

523460 Leeroy the Grand Master (level 25, -20/145 HPs)
             Began as an Octopode Transmuter on Mar 4, 2023.
             Was the Champion of Wu Jian.
             Killed from afar by a wendigo (26 damage)
             ... with a seracfall
             ... on level 2 of Cocytus.
             The game lasted 03:38:48 (65037 turns).

Leeroy the Grand Master (Octopode Transmuter)      Turns: 65037, Time: 03:38:49

Health: -20/145    AC: 22    Str: 23    XL:     25   Next: 37%
Magic:  38/38      EV: 61    Int: 42    God:    Wu Jian [******]
Gold:   4473       SH:  0    Dex: 24    Spells: 1/46 levels left

rFire   + + +      SeeInvis .      - Unarmed
rCold   + + .      Faith    .    (shield currently unavailable)
rNeg    + + .      Spirit   .    (helmet currently unavailable)
rPois   ∞          Reflect  .    i - amulet of Vanity {Acrobat rElec rC+ Dex+4}
rElec   +          Harm     .    T - +6 ring of strength
rCorr   .          Rampage  .    p - +6 ring of intelligence
Will    +....      Clarity  +    B - +6 ring of dexterity
Stlth   ++++++++++               X - ring "Linolut" {rC+ Str+6 Stlth+}
HPRegen 0.44/turn                g - ring "Fyfocs" {*Corrode rF+++ rN++ EV+5 Stlth+}
MPRegen 0.26/turn                H - +6 ring of intelligence
                                 W - ring of Shadows {Umbra +Inv Stlth+}
                                 Z - +6 ring of intelligence

@: storm-form, marked, acrobatic, blinkbolt cooldown, flying, wreathed by umbra,
studying Summonings, unable to drink
A: cleaving, insubstantial, flying, almost no armour, amphibious, 8 rings,
(camouflage 1), (gelatinous body 1), (nimble swimmer 1), (tentacles), clarity,
(cold resistance 1), deterioration 2, frail 1, inability to drink after injury 1
}: 3/15 runes: decaying, serpentine, slimy
a: Blinkbolt, End Transformation, Renounce Religion, Evoke Invisibility, Wall
Jump, Serpent's Lash, Heavenly Storm


You were on level 2 of Cocytus.
You worshipped Wu Jian.
Wu Jian was exalted by your worship.
You were a lightning-filled tempest!
You visited 12 branches of the dungeon, and saw 49 of its levels.
You also visited: Gauntlet and Desolation.

You collected 7253 gold pieces.
You spent 2780 gold pieces at shops.

Inventory:

Hand Weapons
 u - the +3 arbalest of World's End {penet, Str+3 Int+6}
   (You took it off a minotaur in a Gauntlet)

   Str:       It affects your strength (+3).
   Int:       It affects your intelligence (+6).
 z - the +9 staff of Wucad Mu {*channel}
   (You found it on level 5 of the Pits of Slime)

   *Channel:  It occasionally powers its wielder's spells, but with a chance of
   causing confusion or draining the wielder's intelligence.
   It becomes more likely to activate and less likely to backfire with increased
   Evocations skill.
 S - the +8 demon blade "Leech" {evervamp, Harm Drain rN+}
   (You found it on level 5 of the Pits of Slime)

   rN:        It protects you from negative energy.
   Drain:     It drains your maximum health when unequipped.
   Harm:      It increases damage dealt and taken.
Missiles
 I - 5 curare-tipped darts
 P - 5 throwing nets
Magical Staves
 q - a staff of air (melded)
Jewellery
 f - the ring of the Butterfly {rN+ Str+2}
   (You took it off a deep elf sorcerer on level 3 of the Elven Halls)

   [ring of positive energy]

   Str:       It affects your strength (+2).
   rN:        It protects you from negative energy.
 g - the ring "Fyfocs" (on tentacle) {*Corrode rF+++ rN++ EV+5 Stlth+}
   (You acquired it on level 13 of the Dungeon)

   [ring of evasion]

   EV:        It affects your evasion (+5).
   rF:        It renders you almost immune to fire.
   rN:        It greatly protects you from negative energy.
   *Corrode:  It may corrode you when you take damage.
   Stlth:     It makes you more stealthy.
 i - the amulet of Vanity (around neck) {Acrobat rElec rC+ Dex+4}
   (You took it off a hell knight on level 2 of the Depths)

   [amulet of the acrobat]

   It increases your evasion while moving and waiting.
   Dex:       It affects your dexterity (+4).
   rC:        It protects you from cold.
   rElec:     It insulates you from electricity.
 p - a +6 ring of intelligence (right tentacle)
 s - the amulet "Wuefuol" {RegenMP Harm Rampage Regen+ Str-5}
   (You found it in the Desolation of Salt)

   [amulet of magic regeneration]

   It increases your rate of magic regeneration.
   Str:       It affects your strength (-5).
   Regen:     It increases your rate of health regeneration.
   Harm:      It increases damage dealt and taken.
   Rampage:   It bestows one free step when moving towards enemies.
 A - a ring of resist corrosion
 B - a +6 ring of dexterity (on tentacle)
 H - a +6 ring of intelligence (on tentacle)
 M - the ring of Usyad {Fire Dex+3}
   (You found it in the Desolation of Salt)

   [ring of fire]

   It enhances your fire magic.
   Dex:       It affects your dexterity (+3).
   rF:        It protects you from fire.
   rC:        It makes you vulnerable to cold.
 T - a +6 ring of strength (left tentacle)
 W - the ring of Shadows (on tentacle) {Umbra +Inv Stlth+}
   (You bought it in a shop on level 1 of the Dungeon)

   [ring of stealth]

   Umbra:     It surrounds you with an aura of shadow, increasing your stealth
   and reducing the accuracy of all others within it.
   +Inv:      It lets you turn invisible.
   Stlth:     It makes you more stealthy.
 X - the ring "Linolut" (on tentacle) {rC+ Str+6 Stlth+}
   (You found it in a Gauntlet)

   [ring of strength]

   Str:       It affects your strength (+6).
   rC:        It protects you from cold.
   Stlth:     It makes you more stealthy.
 Z - a +6 ring of intelligence (on tentacle)
Wands
 n - a wand of charming (39)
 r - a wand of flame (49)
 C - a wand of quicksilver (27)
 G - a wand of mindburst (25)
 L - a wand of digging (19)
 Q - a wand of roots (37)
Scrolls
 d - 5 scrolls of torment
 l - 10 scrolls of teleportation
 m - 3 scrolls of vulnerability
 y - 7 scrolls of amnesia
 D - a scroll of butterflies
 F - 2 scrolls of immolation
 J - 8 scrolls of fear
 N - 8 scrolls of enchant armour
 O - 2 scrolls of magic mapping
 R - 2 scrolls of silence
 Y - 5 scrolls of fog
Potions
 a - 5 potions of lignification
 b - 2 potions of berserk rage
 c - 3 potions of cancellation
 h - 26 potions of curing
 j - 14 potions of brilliance
 k - 8 potions of magic
 o - 11 potions of flight
 t - 6 potions of ambrosia
 v - 7 potions of haste
 w - 4 potions of resistance
 x - 8 potions of heal wounds
 E - 12 potions of attraction
 K - 10 potions of might
 V - 8 potions of mutation
Miscellaneous
 e - a phial of floods


   Skills:
 - Level 11.0 Fighting
 - Level 0.6 Long Blades
 - Level 0.6 Ranged Weapons
 + Level 19.2 Dodging
 - Level 7.2 Stealth
 - Level 0.4 Shields
 O Level 27 Unarmed Combat
 - Level 11.3 Spellcasting
 - Level 0.4 Conjurations
 - Level 0.4 Hexes
 - Level 0.4 Summonings
 - Level 0.5 Necromancy
 - Level 9.1 Translocations
 - Level 15.1 Transmutations
 - Level 0.4 Fire Magic
 - Level 16.0 Air Magic
 - Level 15.1 Earth Magic
 - Level 0.8 Invocations


You had one spell level left.
You knew the following spells:

 Your Spells              Type           Power      Damage    Failure   Level
a - Manifold Assault      Tloc           79%        N/A       1%          4
b - Blink                 Tloc           100%       N/A       1%          2
c - Ice Form              Ice/Tmut       72%        N/A       1%          4
d - Statue Form           Tmut/Erth      66%        N/A       1%          6
e - Blade Hands           Tmut           50%        N/A       1%          5
f - Dragon Form           Tmut           50%        N/A       2%          7
g - Irradiate             Conj/Tmut      36%        3d23      1%          5
h - Lee's Rapid Deconstr  Erth           50%        3d24*     1%          5
i - Storm Form            Tmut/Air       50%        N/A       1%          7

Your spell library contained the following spells:

 Spells                   Type           Power      Damage    Failure   Level
 Beastly Appendage        Tmut           100%       N/A       0%          1
 Sandblast                Erth           100%       2d20      0%          1
 Apportation              Tloc           100%       N/A       1%          1
 Magic Dart               Conj           100%       1d8       1%          1
 Necrotise                Necr           100%       1d9       1%          1
 Shock                    Conj/Air       100%       1d9       1%          1
 Slow                     Hex            100%       N/A       1%          1
 Sting                    Tmut/Pois      100%       1d8       1%          1
 Summon Small Mammal      Summ           100%       N/A       1%          1
 Passwall                 Tmut/Erth      83%        N/A       0%          2
 Wereblood                Tmut           100%       N/A       0%          2
 Swiftness                Air            100%       N/A       0%          3
 Call Imp                 Summ           27%        N/A       1%          2
 Cigotuvi's Dreadful Rot  Necr/Pois/Air  100%       N/A       1%          2
 Lesser Beckoning         Tloc           100%       N/A       1%          2
 Poisonous Vapours        Pois/Air       100%       N/A       1%          2
 Scorch                   Fire           54%        2d8       1%          2
 Searing Ray              Conj           54%        2d6       1%          2
 Static Discharge         Conj/Air       100%       2-7/arc   1%          2
 Gell's Gravitas          Tloc           79%        N/A       1%          3
 Ignite Poison            Fire/Tmut/Pois 61%        N/A       1%          3
 Kindle Blastsparks       Fire/Tloc/Air  100%       2d18      1%          3
 Mephitic Cloud           Conj/Pois/Air  63%        N/A       1%          3
 Portal Projectile        Hex/Tloc       100%       N/A       1%          3
 Spider Form              Tmut/Pois      72%        N/A       1%          3
 Stone Arrow              Conj/Erth      100%       3d13      1%          3
 Teleport Other           Tloc           79%        N/A       1%          3
 Airstrike                Air            51%        2d(8-24)  1%          4
 Iskenderun's Mystic Bla  Conj/Tloc      59%        2d12      1%          4
 Leda's Liquefaction      Hex/Erth       36%        N/A       1%          4
 Alistair's Intoxication  Tmut/Pois      48%        N/A       1%          5
 Arcjolt                  Conj/Air       37%        1d47      1%          5
 Silence                  Hex/Air        37%        N/A       1%          5
 Yara's Violent Unravell  Hex/Tmut       36%        3d15      1%          5
 Call Canine Familiar     Summ           27%        N/A       3%          3
 Confusing Touch          Hex            27%        N/A       3%          3
 Dazzling Flash           Conj/Hex       54%        N/A       3%          3
 Hailstorm                Conj/Ice       25%        3d7       3%          3
 Inner Flame              Hex/Fire       27%        N/A       3%          3
 Summon Guardian Golem    Hex/Summ       27%        N/A       3%          3
 Tukima's Dance           Hex            27%        N/A       3%          3
 Vampiric Draining        Necr           28%        2d8       3%          3
 Freezing Cloud           Conj/Ice/Air   31%        6-21      3%          5
 Ozocubu's Armour         Ice            23%        N/A       4%          3
 Dispersal                Tloc           39%        N/A       4%          6
 Summon Forest            Summ/Tloc      29%        N/A       5%          5
 Conjure Ball Lightning   Conj/Air       37%        3x3d12    7%          6
 Iron Shot                Conj/Erth      37%        9d7       9%          6
 Anguish                  Hex/Necr       14%        N/A       11%         4
 Animate Dead             Necr           28%        N/A       11%         4
 Cause Fear               Hex            13%        N/A       11%         4
 Dispel Undead            Necr           28%        3d13      11%         4
 Fulminant Prism          Conj/Hex       13%        3d8       11%         4
 Summon Ice Beast         Ice/Summ       25%        N/A       12%         4
 Olgreb's Toxic Radiance  Pois           23%        N/A       13%         4
 Agony                    Necr           28%        N/A       30%         5
 Fireball                 Conj/Fire      13%        3d7       30%         5
 Iskenderun's Battlesphe  Conj           27%        2d8       30%         5
 Summon Mana Viper        Hex/Summ       27%        N/A       30%         5
 Metabolic Englaciation   Hex/Ice        12%        N/A       34%         5
 Malign Gateway           Summ/Tloc      29%        N/A       85%         7
 Death Channel            Necr           14%        N/A       86%         6
 Summon Cactus Giant      Summ           13%        N/A       86%         6
 Simulacrum               Ice/Necr       13%        N/A       88%         6
 Disjunction              Tloc           39%        N/A       91%         8
 Shatter                  Erth           50%        3d38*     95%         9
 Enfeeble                 Hex            13%        N/A       100%        7
 Haunt                    Necr/Summ      14%        N/A       100%        7
 Orb of Destruction       Conj           13%        9d7       100%        7
 Ozocubu's Refrigeration  Ice            11%        4d10      100%        7
 Spellforged Servitor     Conj/Summ      13%        N/A       100%        7
 Discord                  Hex            13%        N/A       100%        8
 Ignition                 Fire           13%        3d6       100%        8
 Infestation              Necr           14%        N/A       100%        8
 Summon Horrible Things   Summ           13%        N/A       100%        8
 Death's Door             Necr           14%        N/A       100%        9
 Polar Vortex             Ice            11%        N/A       100%        9


Dungeon Overview and Level Annotations

Branches:
Dungeon (15/15)            Temple (1/1) D:7            Lair (5/5) D:11
  Swamp (4/4) Lair:3        Snake (4/4) Lair:2        Slime (5/5) Lair:5
    Orc (2/2) D:11            Elf (3/3) Orc:2        Vaults (0/5) D:13
 Depths (4/4) D:15           Hell (visited)             Dis (0/7) Hell
    Geh (0/7) Hell            Coc (2/7) Hell            Tar (3/7) Hell
    Zot (0/5) Depths:4    Desolation (visited)      Gauntlet (visited)

Altars:
Ashenzari
Cheibriados
Dithmenos
Elyvilon
Fedhas
Gozag
Hepliaklqana
Kikubaaqudgha
Makhleb
Nemelex Xobeh
Okawaru
Qazlal
Ru
Sif Muna
Trog
Uskayaw
Vehumet
Wu Jian
Xom
Yredelemnul
Zin
The Shining One
Jiyva

Shops:
D:1 ==!?(   D:10 [   D:14 ?   Orc:2 (:[*   Elf:1 !   Elf:2 (   Snake:1 **
Snake:4 *!

Portals:
Hell: Lair:5 Depths:1 Depths:2 Depths:3 Depths:4
Abyss: Depths:3
Pandemonium: Depths:1 Depths:2
Ziggurat: Depths:3
Trove: D:13 (give +5 demon blade)


Innate Abilities, Weirdness & Mutations

You are a lightning-filled tempest!
Your electrical attacks strike out in all directions at once.
You are incredibly evasive.
Your insubstantial body is immune to petrification, constriction, and being set on fire You are flying.
You are immune to poison.
Your armour is entirely melded.
You are incapable of wielding weapons or throwing items.
You cannot wear most types of armour.
You are amphibious.
You can wear up to eight rings at the same time.
((Your skin changes colour to match your surroundings (Stealth+).))
((Your rubbery body absorbs attacks. (AC +1, EV +1)))
((You are camouflaged when in or above water. (Stealth+)))
((You have tentacles for arms and can constrict up to eight enemies at once.))
You possess an exceptional clarity of mind.
((Your flesh is cold resistant. (rC+)))
Your body often deteriorates upon taking damage.
You are frail. (-10% HP)
You occasionally lose the ability to drink potions when taking damage.


Message History

Okay, then.
You spin and attack the titan simulacrum repeatedly.
You buffet the titan simulacrum!
You punch the titan simulacrum!
The titan simulacrum is heavily damaged.
You buffet the titan simulacrum!
The titan simulacrum is severely damaged.
The titan simulacrum splashes around in the water.
You spin and attack the titan simulacrum repeatedly.
You blast the titan simulacrum!!!!
The titan simulacrum vaporises!
The Council accepts your kill.
You spin and attack the water elemental repeatedly.
You buffet the water elemental!
You punch the water elemental.
The water elemental is lightly damaged.
You batter the water elemental!! Your punch misses the water elemental.
The water elemental is severely damaged.
The water elemental completely misses you.
You lunge at the titan simulacrum, in a flurry of attacks.
You blast the titan simulacrum!!!
Lightning courses through the titan simulacrum!!
The titan simulacrum vaporises!
The Council accepts your kill.
You hit the water elemental but do no damage.
You spin and attack the water elemental repeatedly.
You blast the water elemental!!!!
You destroy the water elemental!
The water elemental disappears in a puff of smoke!
You feel your intelligence returning.
You feel less exhausted.
The water elemental is engulfed in freezing vapours.
The water elemental attacks as you move away!
The water elemental closely misses you.
The wendigo gestures.
The stone giant simulacrum collapses into a mass of ice!
The mass of ice explodes!
The seracfall engulfs the water elemental!!!
The water elemental is destroyed!
The water elemental disappears in a puff of smoke!
The seracfall engulfs you!! You partially resist.
You die...

..).).≈.......≈≈≈≈≈≈≈#
≈≈≈.......≈≈≈.≈C≈≈≈≈≈#
≈≈≈...#...≈≈≈R..≈≈≈≈≈##
≈≈°..###..≈§≈..≈≈≈≈≈≈≈#
....## #......Z≈☼≈≈≈≈#
..... ##≈≈≈.≈≈°≈≈≈≈##
....> ##≈≈.≈≈≈≈≈≈≈≈#
#≈≈..≈§≈≈≈##≈#
#≈≈.≈≈v≈≈≈# ##
#≈≈.≈≈≈≈≈≈#
#≈≈≈≈≈≈###≈# ≈≈≈≈≈≈≈
#≈≈# ≈≈≈≈≈≈≈ ##≈#
≈≈≈≈≈≈≈ ## ≈≈≈≈≈≈≈
≈≈≈≈≈##


You could see a titan, a wendigo and a merfolk impaler simulacrum.

Vanquished Creatures
  the Royal Jelly (Slime:5)
  An ancient lich (Depths:3)
  Mara (Swamp:4)
  The ghost of Jyprain the Pyromancer, a veteran DrFE of Vehumet (Depths:2)
  Geryon (Hell)
  Vashnia (Snake:4)
  4 caustic shrikes (Depths:4)
  The ghost of Logakujy the Warrior, a veteran DjWn of Ashenzari (Depths:2)
  3 golden dragons
  10 bone dragons
  A profane servitor (Tar:1)
  3 Tzitzimimeh
  5 doom hounds
  An iron giant (Depths:2)
  A tentacled monstrosity (Swamp:4)
  2 liches
  A tainted leviathan (Tar:1)
  3 deep elf blademasters
  2 titans
  2 deep elf master archers (Elf:3)
  3 ancient champions
  6 sphinxes
  25 acid blobs
  The ghost of Razfen the Cruncher, an adept GnWn of Ashenzari (Snake:1)
  4 thorn hunters
  Agnes (D:15)
  A revenant (Hell)
  4 tengu reavers
  21 rockslimes
  9 nagarajas
  4 deep elf sorcerers
  A draconian knight (Depths:4)
  7 fire giants
  18 azure jellies
  Aizul (Swamp:3)
  2 fenstrider witches (Swamp:3)
  15 frost giants
  The ghost of Lyshro Ryrr the Eclecticist, an adept VSWr of Wu Jian (Depths:2)
  A spectral caustic shrike (Tar:3)
  2 balrugs
  2 deep elf elementalists (Elf:3)
  3 imperial myrmidons (Desolation)
  An iron dragon (Depths:2)
  3 ghouls (Swamp:1)
  A draconian stormcaller (Depths:4)
  17 quicksilver oozes
  8 reapers
  The ghost of gengaozo the Skirmisher, a journeyman NaAr of Hepliaklqana (Lair:4)
  A cacodemon (D:14)
  2 orc warlords (Orc:2)
  13 stone giants
  7 very ugly things
  2 war gargoyles (Depths:3)
  4 vampire knights (Depths:3)
  An elemental wellspring (Coc:1)
  6 eleionomae
  4 deep elf annihilators (Elf:3)
  3 white draconians (Depths:4)
  4 bunyips
  4 halazid warlocks (Desolation)
  7 deep elf demonologists (Elf:3)
  4 putrid mouths
  2 lorocyprocas (Depths:4)
  A red draconian (Depths:4)
  A wendigo (Coc:1)
  4 spark wasps (Depths:1)
  A minotaur (Gauntlet)
  The ghost of Cooqonn the Thaumaturge, a journeyman DsVM of Kikubaaqudgha (D:12)
  3 purple draconians (Depths:4)
  5 ettins
  3 blizzard demons
  3 crystal guardians
  11 fire dragons
  The ghost of Wyusituq the Lord of Darkness, a journeyman DsNe of Kikubaaqudgha (D:12)
  The ghost of Sufoyru the Thaumaturge, a journeyman DjCj of Ashenzari (D:12)
  2 merfolk impalers
  8 deep elf death magi
  A green death (D:14)
  2 jiangshi (Depths:4)
  2 deep elf high priests (Elf:3)
  2 ragged hierophants (Desolation)
  5 servants of whispers (Desolation)
  A kraken zombie (Hell)
  The ghost of Etaczut the Covert, a journeyman KoBr of Wu Jian (D:12)
  3 salamander tyrants
  A juggernaut simulacrum (Coc:1)
  5 rakshasas (Depths:2)
  6 great orbs of eyes
  30 hydras
  The ghost of nidavellir the Carver, a journeyman HuFi of Elyvilon (Orc:2)
  8 spriggan air magi
  2 ghost crabs (Swamp:1)
  9 ice dragons
  A centaur warrior (D:15)
  A catoblepas (Lair:2)
  12 peacekeepers (Desolation)
  6 two-headed ogres
  6 boulder beetles
  30 dancing weapons
  15 anacondas
  16 alligators
  14 naga warriors
  4 tengu warriors
  2 vampire magi
  7 deep troll earth magi
  9 deep troll shamans
  12 death yaks
  8 spriggan berserkers
  Urug (D:12)
  A spectral dire elephant (Tar:3)
  An orc high priest (Orc:2)
  15 naga sharpshooters
  28 deep elf knights
  9 spriggans
  7 shock serpents
  A fire crab (Lair:5)
  10 sun demons
  7 soul eaters
  A shadow wraith (Tar:2)
  A spectral bunyip (Tar:1)
  19 hell knights
  11 iron trolls
  2 sixfirhies
  3 salamander mystics
  15 skeletal warriors
  5 goliath frogs
  A skyshark (Lair:2)
  A spectral anaconda (Tar:2)
  3 shadow demons (Hell)
  22 deep trolls
  An orb spider (shapeshifter) (D:15)
  A spectral hydra (Tar:1)
  A spectral iron dragon (Tar:3)
  5 phantasmal warriors
  2 spriggan druids
  A harpy (Depths:3)
  2 flayed ghosts
  9 deep elf archers
  6 ironbound convokers (Desolation)
  8 naga ritualists
  An obsidian statue (Snake:1)
  3 glowing orange brains
  10 swamp dragons
  4 wizards
  8 bog bodies
  7 necromancers
  2 fenstrider witch simulacra
  27 deep elf pyromancers
  5 large abominations (Elf:1)
  6 orc sorcerers
  10 mana vipers
  7 shining eyes
  39 deep elf zephyrmancers
  3 orc knights (Orc:2)
  9 spectral spriggans
  5 manticores
  13 salamanders
  A moth of wrath (Orc:2)
  8 cyclopes
  22 elephants
  3 spectral centaurs
  20 ugly things
  7 will-o-the-wisps
  A spectral alligator snapping turtle (Tar:3)
  A centaur zombie (D:15)
  4 rust devils
  4 titan simulacra
  4 eyes of devastation
  18 cane toads
  A molten gargoyle (Desolation)
  4 gargoyles
  2 torpor snails
  5 smoke demons
  36 black mambas
  18 naga magi
  3 orange demons
  A demonic crawler (Depths:4)
  2 centaur skeletons (D:15)
  2 unseen horrors (D:12)
  13 guardian serpents
  An unseen horror (shapeshifter) (D:15)
  2 efreet
  5 hellions
  13 komodo dragons
  A kobold demonologist (D:14)
  10 rime drakes
  2 freezing wraiths
  3 tormentors
  An anaconda simulacrum (Coc:1)
  An iron giant simulacrum (Coc:1)
  3 sea snake zombies (Hell)
  2 ice devils (Lair:5)
  4 tengu conjurers
  A sea snake skeleton (Hell)
  A queen bee (shapeshifter) (D:13)
  2 red devils (Lair:5)
  2 silent spectres (Tar:3)
  3 meliai (D:13)
  A wolf spider simulacrum (D:15)
  10 tyrant leeches
  2 hydra zombies (Hell)
  2 bloated husks (Swamp:1)
  A hydra skeleton (Hell)
  9 trolls
  28 blink frogs
  A hornet (shapeshifter) (D:13)
  A hellwing (D:14)
  8 polar bears
  57 saltlings (Desolation)
  9 hornets
  15 dream sheep
  A stone giant simulacrum (Coc:1)
  92 slime creatures
  5 air elementals
  An alligator skeleton (Hell)
  A spriggan (shapeshifter) (Elf:1)
  7 water elementals
  6 wyverns
  56 yaks
  3 wraiths (D:12)
  6 fire elementals
  A ynoxinul (D:14)
  15 golden eyes
  4 chaos spawn (D:14)
  5 basilisks
  A steam dragon (Lair:3)
  22 vampire mosquitoes
  3 humans (D:14)
  Menkaure (D:4)
  11 wargs (Orc:2)
  4 harpy simulacra (Coc:2)
  Edmund (D:4)
  31 nagas
  18 swamp worms
  23 water moccasins
  A hydra simulacrum (Coc:1)
  7 hell hounds
  A floating eye (shapeshifter) (D:13)
  25 orc warriors
  12 swamp drakes
  6 black bears
  2 ettin simulacra (Coc:1)
  A fire dragon simulacrum (Coc:1)
  An ice dragon simulacrum (Coc:1)
  8 ogres
  33 wolves
  14 centaurs
  An elf zombie (Elf:1)
  Blork the orc (D:6)
  4 kobold brigands
  4 earth elementals
  A gnoll sergeant (D:11)
  7 scorpions
  19 bullfrogs
  2 necrophages
  A naga simulacrum (Coc:1)
  6 wights
  A water moccasin zombie (D:4)
  5 killer bees (D:7)
  3 howler monkeys
  3 lava snakes (Lair:2)
  A human zombie (D:4)
  13 jellies
  21 orc priests
  2 hounds
  5 iguanas
  A gnoll bouda (D:8)
  27 orc wizards
  2 hound zombies (D:4)
  2 mummies (D:4)
  A howler monkey zombie (D:4)
  13 gnolls
  9 adders
  2 white imps
  3 adder zombies (D:4)
  3 dart slugs
  70 orcs
  5 endoplasms
  3 giant cockroaches
  9 hobgoblins
  4 jackals (D:4)
  4 quokkas
  7 ball pythons
  5 bats
  7 frilled lizards
  15 goblins
  19 kobolds
  4 rats
  2 briar patches (Swamp:4)
  A creeping inferno (Hell)
  4 fire vortices (Hell)
  2 tentacles (Hell)
2032 creatures vanquished.

Vanquished Creatures (others)
  A deep elf knight (Elf:1)
  A spriggan druid (Swamp:3)
  A deep elf zephyrmancer (Elf:1)
  2 bloated husks
  A hornet (Swamp:4)
  A stone giant simulacrum (Coc:2)
  A large abomination (Elf:1)
  A dire elephant simulacrum (Coc:2)
  An ettin simulacrum (Coc:1)
  An orc wizard (D:5)
  2 orcs (Orc:2)
  A briar patch (Swamp:4)
  A creeping inferno (Hell)
  A fire vortex (Hell)
  23 foxfires
  21 fungi
  115 plants
  5 tentacles (Hell)
  2 withered plants (D:12)
182 creatures vanquished.

Grand Total: 2214 creatures vanquished

Notes
Turn   | Place    | Note
-------+----------+-------------------------------------------
     0 | D:1      | Leeroy the Octopode Transmuter began the quest for the Orb.
     0 | D:1      | Reached XP level 1. HP: 13/13 MP: 3/3
    33 | D:1      | Found Weicuaneys's Jewellery Shop.
    66 | D:1      | Found Nitrimm's Jewellery Boutique.
    86 | D:1      | Found Keorazuj's Magic Scroll Boutique.
    93 | D:1      | Bought a scroll of blinking for 82 gold pieces
   163 | D:1      | Found Qiesebow's Antique Weapon Shop.
   177 | D:1      | Reached XP level 2. HP: 13/18 MP: 5/5
   252 | D:1      | Found a faded altar of an unknown god.
   417 | D:1      | Found Julas's Distillery.
   795 | D:2      | Reached XP level 3. HP: 23/23 MP: 6/6
  1179 | D:2      | Reached XP level 4. HP: 19/28 MP: 7/7
  1355 | D:3      | Learned a level 3 spell: Spider Form
  2097 | D:3      | Reached XP level 5. HP: 27/33 MP: 4/8
  2134 | D:3      | Learned a level 4 spell: Ice Form
  2314 | D:3      | Found a faded altar of an unknown god.
  2386 | D:3      | Reached skill level 4 in Unarmed Combat
  2574 | D:4      | Noticed Edmund
  2632 | D:5      | Entered Level 5 of the Dungeon
  2638 | D:5      | Reached skill level 5 in Unarmed Combat
  2638 | D:5      | Reached XP level 6. HP: 37/38 MP: 9/9
  2827 | D:5      | Noticed a black bear
  2949 | D:5      | Killed a black bear
  3039 | D:5      | Reached XP level 7. HP: 40/46 MP: 10/10
  3534 | D:4      | Noticed Menkaure
  3547 | D:4      | Killed Menkaure
  3548 | D:4      | Reached skill level 5 in Transmutations
  3679 | D:4      | Killed Edmund
  3956 | D:4      | Reached XP level 8. HP: 20/54 MP: 8/11
  4142 | D:4      | Identified the +0 cloak of the Secret Places {+Inv}
  4785 | D:4      | Found a basalt altar of Yredelemnul.
  4794 | D:4      | Reached skill level 5 in Dodging
  5083 | D:3      | Found a shimmering altar of Xom.
  5670 | D:5      | Found a stormy altar of Qazlal.
  5670 | D:5      | Found a sparkling altar of Nemelex Xobeh.
  5671 | D:5      | Found a sacrificial altar of Ru.
  5692 | D:5      | Found an ancient bone altar of Kikubaaqudgha.
  5755 | D:5      | Found a glowing golden altar of the Shining One.
  5757 | D:5      | Found a white marble altar of Elyvilon.
  5761 | D:5      | Found a glowing silver altar of Zin.
  6389 | D:6      | Reached XP level 9. HP: 56/59 MP: 11/12
  6401 | D:6      | Identified the +0 cloak of Qatox {rCorr Str+4}
  6498 | D:6      | Noticed Blork the orc
  6681 | D:7      | You fall into a shaft and drop 3 floors!
  6681 | D:10     | Entered Level 10 of the Dungeon
  6695 | D:10     | Noticed a troll
  6726 | D:10     | Reached skill level 6 in Unarmed Combat
  6762 | D:10     | Noticed a komodo dragon
  6766 | D:10     | Found Leibriq's Armour Boutique.
  7541 | D:8      | Found a burning altar of Makhleb.
  7722 | D:8      | Noticed a hornet
  7733 | D:8      | Killed a hornet
  7734 | D:8      | Reached skill level 7 in Unarmed Combat
  7913 | D:7      | Found a bloodstained altar of Trog.
  8098 | D:7      | Found a shimmering blue altar of Sif Muna.
  8103 | D:7      | Got Sif Muna's Atlas of Configuration and the Mountains
  8148 | D:7      | Found a staircase to the Ecumenical Temple.
  8267 | Temple   | Entered the Ecumenical Temple
  8689 | D:6      | Found an ornate altar of the Wu Jian Council.
  8695 | D:6      | Became a worshipper of the Wu Jian Council
  8698 | D:6      | Found a snail-covered altar of Cheibriados.
  9284 | D:6      | Killed Blork the orc
  9454 | D:6      | Learned a level 6 spell: Statue Form
  9721 | D:7      | Reached skill level 5 in Spellcasting
  9721 | D:7      | Reached XP level 10. HP: 26/65 MP: 9/17
 10017 | D:7      | Found a hazy altar of Hepliaklqana.
 10485 | D:8      | Noticed a two-headed ogre
 10667 | D:9      | Reached * piety under Wu Jian
 10718 | D:9      | Identified the +4 war axe "Dikhluxut" {heavy, Int+2}
 11660 | D:10     | Learned a level 5 spell: Blade Hands
 11681 | D:10     | Reached ** piety under Wu Jian
 11790 | D:10     | Noticed a two-headed ogre
 11946 | D:9      | Noticed a two-headed ogre
 12322 | D:1      | Bought the ring of Shadows {Umbra +Inv Stlth+} for 440 gold
                  | pieces
 12322 | D:1      | Found the ring of Shadows {Umbra +Inv Stlth+}
 12638 | D:8      | Reached skill level 1 in Stealth
 12724 | D:8      | Reached XP level 11. HP: 57/70 MP: 20/23
 12777 | D:8      | Reached skill level 5 in Stealth
 12917 | D:8      | Killed a two-headed ogre
 13119 | D:9      | Killed a two-headed ogre
 13120 | D:9      | Reached skill level 8 in Unarmed Combat
 13274 | D:10     | Killed a two-headed ogre
 13347 | D:10     | Reached skill level 10 in Transmutations
 13669 | D:11     | Found a staircase to the Lair.
 13741 | D:10     | Learned a level 7 spell: Dragon Form
 14232 | D:11     | Gained mutation: You have hidden genetic potential.
                  | [mutagenic glow]
 14557 | D:11     | Noticed a red ugly thing
 14665 | D:11     | Noticed a cyclops
 15083 | D:11     | Killed a red ugly thing
 15294 | D:11     | Killed a cyclops
 15432 | D:11     | Noticed a boulder beetle
 15444 | D:11     | Killed a boulder beetle
 15445 | D:11     | Reached skill level 5 in Fighting
 15445 | D:11     | Reached XP level 12. HP: 77/78 MP: 21/24
 15447 | D:11     | Reached *** piety under Wu Jian
 15583 | D:11     | Found a staircase to the Orcish Mines.
 15913 | D:11     | Identified the +3 war axe of Kaklyq {freeze, +Blink Fly
                  | Int-3}
 15968 | D:11     | Noticed a boulder beetle
 15973 | D:11     | Killed a boulder beetle
 16539 | Lair:1   | Entered Level 1 of the Lair of Beasts
 16576 | Lair:1   | Gained mutation: You have an increased reservoir of magic.
                  | (+10% MP) [hidden potential]
 16693 | Lair:1   | Noticed a death yak
 16693 | Lair:1   | Noticed a death yak
 16747 | Lair:1   | Reached **** piety under Wu Jian
 16894 | Lair:1   | Reached skill level 10 in Fighting
 16937 | Lair:1   | Found a shimmering blue altar of Sif Muna.
 17199 | Lair:1   | Killed a death yak
 17199 | Lair:1   | Noticed a death yak
 17199 | Lair:1   | Noticed a death yak
 17208 | Lair:1   | Killed a death yak
 17209 | Lair:1   | Reached skill level 9 in Unarmed Combat
 17210 | Lair:1   | Killed a death yak
 17211 | Lair:1   | Reached XP level 13. HP: 92/92 MP: 17/27
 17352 | Lair:1   | Reached skill level 10 in Unarmed Combat
 17670 | Lair:2   | You fall into a shaft and drop 2 floors!
 18015 | Lair:3   | Reached skill level 11 in Unarmed Combat
 18094 | Lair:3   | Gained mutation: You have a pair of small antennae on your
                  | head. [hidden potential]
 18094 | Lair:3   | Lost mutation: You have hidden genetic potential. [hidden
                  | potential expressed]
 18189 | Lair:3   | Found a staircase to the Swamp.
 18193 | Lair:3   | Reached skill level 12 in Unarmed Combat
 18579 | Lair:3   | Reached skill level 1 in Earth Magic
 19098 | Lair:2   | Found a staircase to the Snake Pit.
 19219 | Lair:2   | Identified the +1 trident "Cehiud" {antimagic, Stlth+}
 19843 | Lair:2   | Reached ***** piety under Wu Jian
 19852 | Lair:2   | Reached skill level 5 in Earth Magic
 20050 | Lair:2   | Reached XP level 14. HP: 99/99 MP: 28/28
 20890 | Lair:4   | Found a runed translucent gate.
 21372 | Lair:4   | Noticed gengaozo's ghost (journeyman NaAr)
 21556 | Lair:4   | Found a runed translucent gate.
 21559 | Lair:4   | Found a runed translucent gate.
 21729 | Lair:5   | Entered Level 5 of the Lair of Beasts
 21734 | Lair:5   | Found a gate leading to a gauntlet.
 21751 | Gauntlet | Entered a Gauntlet
 21751 | Gauntlet | Found a transporter.
 21751 | Gauntlet | Found a transporter.
 22019 | Gauntlet | Found a transporter.
 22022 | Gauntlet | Found a transporter.
 22035 | Gauntlet | Found a transporter.
 22055 | Gauntlet | Found a transporter.
 22055 | Gauntlet | Found a transporter.
 22056 | Gauntlet | Found a transporter.
 22058 | Gauntlet | Noticed a dire elephant
 22060 | Gauntlet | Found a runed translucent door.
 22067 | Gauntlet | Found a transporter.
 22083 | Gauntlet | Found a transporter.
 22085 | Gauntlet | Found a runed translucent door.
 22093 | Gauntlet | Found a transporter.
 22109 | Gauntlet | Found a transporter.
 22129 | Gauntlet | Found a transporter.
 22130 | Gauntlet | Found a runed translucent door.
 22145 | Gauntlet | Found a transporter.
 22469 | Gauntlet | Identified the ring "Linolut" {rC+ Str+6 Stlth+}
 22543 | Gauntlet | Identified the +3 arbalest of World's End {penet, Str+3
                  | Int+6}
 22543 | Gauntlet | Identified the +1 plate armour "Jiorgh" {rElec Will+ Regen+
                  | Int+2}
 22555 | Gauntlet | Got the Compendium of Charnel Maleficia
 22557 | Gauntlet | Got the Octavo of the Body
 22587 | Lair:5   | Reached skill level 15 in Transmutations
 23038 | Lair:5   | Reached XP level 15. HP: 103/103 MP: 29/29
 23274 | Lair:5   | Found a burning altar of Makhleb.
 23300 | Lair:5   | Reached skill level 10 in Dodging
 23308 | Lair:5   | Found a gateway to Hell.
 23618 | Lair:5   | Reached ****** piety under Wu Jian
 23894 | Lair:5   | Found a staircase to the Slime Pits.
 23902 | Lair:5   | Found a viscous altar of Jiyva.
 24239 | Lair:4   | Reached skill level 13 in Unarmed Combat
 24239 | Lair:4   | Killed gengaozo's ghost
 24407 | Swamp:1  | Entered Level 1 of the Swamp
 24591 | Swamp:1  | Reached skill level 14 in Unarmed Combat
 25323 | Swamp:1  | Reached skill level 15 in Unarmed Combat
 25325 | Swamp:1  | Reached XP level 16. HP: 92/109 MP: 23/31
 25922 | Swamp:2  | Reached skill level 16 in Unarmed Combat
 26294 | Swamp:2  | Noticed a thorn hunter
 26307 | Swamp:2  | Killed a thorn hunter
 26528 | Swamp:2  | Reached skill level 17 in Unarmed Combat
 27396 | Swamp:3  | Noticed a fenstrider witch
 27401 | Swamp:3  | Killed a fenstrider witch
 27407 | Swamp:3  | Noticed Aizul
 27414 | Swamp:3  | Killed Aizul
 27415 | Swamp:3  | Noticed a fenstrider witch
 27428 | Swamp:3  | Killed a fenstrider witch
 27868 | Swamp:4  | Entered Level 4 of the Swamp
 27900 | Swamp:4  | Reached skill level 18 in Unarmed Combat
 27911 | Swamp:4  | Noticed a thorn hunter
 27923 | Swamp:4  | Killed a thorn hunter
 28071 | Swamp:4  | Noticed Mara
 28083 | Swamp:4  | Noticed a thorn hunter
 28088 | Swamp:4  | Killed Mara
 28088 | Swamp:4  | Reached XP level 17. HP: 105/115 MP: 26/32
 28399 | Swamp:4  | Reached skill level 19 in Unarmed Combat
 28645 | Swamp:4  | Noticed a tentacled monstrosity
 28648 | Swamp:4  | Killed a tentacled monstrosity
 28789 | Swamp:4  | Got a decaying rune of Zot
 29205 | Snake:1  | Entered Level 1 of the Snake Pit
 29504 | Snake:1  | Reached skill level 20 in Unarmed Combat
 29682 | Snake:1  | Found a runed translucent gate.
 29683 | Snake:1  | Found a runed translucent gate.
 29683 | Snake:1  | Found a runed translucent gate.
 29685 | Snake:1  | Found an opulent altar of Gozag.
 29687 | Snake:1  | Found Mellev's Assorted Antiques.
 29687 | Snake:1  | Noticed Razfen's ghost (adept GnWn)
 29703 | Snake:1  | Found Odwimid's Assorted Antiques.
 30151 | Snake:2  | Identified the +4 arbalest "Huuggiz" {freeze, rCorr Int+2}
 31001 | Snake:3  | Reached skill level 21 in Unarmed Combat
 31438 | Snake:3  | Reached XP level 18. HP: 121/121 MP: 24/33
 31486 | Snake:3  | HP: 5/181 [something (6)]
 32159 | Snake:3  | Reached skill level 22 in Unarmed Combat
 32506 | Snake:4  | Entered Level 4 of the Snake Pit
 33247 | Snake:4  | Noticed Vashnia
 33248 | Snake:4  | Found Zomim Goowk's Distillery.
 33248 | Snake:4  | Found Oxtunwil's General Store.
 33253 | Snake:4  | HP: 5/121 [constriction (4)]
 33583 | Snake:4  | Bought a potion of heal wounds for 85 gold pieces
 33583 | Snake:4  | Bought a potion of magic for 136 gold pieces
 33583 | Snake:4  | Bought a potion of mutation for 136 gold pieces
 33601 | Snake:4  | Reached skill level 23 in Unarmed Combat
 33947 | Snake:1  | Killed Razfen's ghost
 34256 | Snake:1  | Bought a scroll of blinking for 232 gold pieces
 34261 | Snake:1  | Bought a potion of heal wounds for 170 gold pieces
 34261 | Snake:1  | Bought 3 scrolls of identify for 204 gold pieces
 35098 | D:12     | Noticed Urug
 35106 | D:12     | Killed Urug
 35393 | D:12     | Found a runed translucent gate.
 35395 | D:12     | Noticed Sufoyru's ghost (journeyman DjCj)
 35397 | D:12     | Found a runed translucent gate.
 35397 | D:12     | Noticed Etaczut's ghost (journeyman KoBr)
 35398 | D:12     | Found a runed translucent gate.
 35398 | D:12     | Noticed Cooqonn's ghost (journeyman DsVM)
 35399 | D:12     | Noticed Wyusituq's ghost (journeyman DsNe)
 35869 | D:12     | Killed Etaczut's ghost
 35869 | D:12     | Killed Sufoyru's ghost
 35871 | D:12     | Killed Cooqonn's ghost
 35873 | D:12     | Killed Wyusituq's ghost
 35947 | D:13     | Reached XP level 19. HP: 126/126 MP: 35/35
 35981 | D:13     | Identified a scroll of acquirement
 35992 | D:13     | Acquired the ring "Fyfocs" {*Corrode rF+++ rN++ EV+5
                  | Stlth+}
 36170 | D:13     | Found an ancient bone altar of Kikubaaqudgha.
 36286 | D:13     | Found a portal to a secret trove of treasure.
 36458 | D:13     | Found a gate to the Vaults.
 36462 | D:13     | Paralysed by a floating eye for 4 turns
 36674 | D:14     | Reached skill level 10 in Spellcasting
 37052 | D:14     | Found Xolet's Magic Scroll Emporium.
 37072 | D:14     | Bought a scroll of blinking for 97 gold pieces
 37072 | D:14     | Bought a scroll of identify for 26 gold pieces
 37234 | D:14     | Found a burning altar of Makhleb.
 37253 | D:14     | Gained mutation: You occasionally lose the ability to read
                  | scrolls when taking damage. [a cacodemon]
 37254 | D:14     | Gained mutation: You occasionally lose the ability to drink
                  | potions when taking damage. [a cacodemon]
 37264 | D:14     | Got Qavvil's Folio of Frigorific Abominable Secrets
 37280 | D:14     | Learned a level 5 spell: Irradiate
 37286 | D:14     | Learned a level 5 spell: Lee's Rapid Deconstruction
 37862 | D:15     | Entered Level 15 of the Dungeon
 37944 | D:15     | Noticed Agnes
 37950 | D:15     | Killed Agnes
 37983 | D:15     | Gained mutation: Your body sometimes deteriorates upon
                  | taking damage. [a neqoxec]
 38194 | D:15     | Reached skill level 24 in Unarmed Combat
 38588 | D:15     | Found a staircase to the Depths.
 38646 | D:15     | Acquired 1243 gold pieces
 38742 | Depths:1 | Entered Level 1 of the Depths
 38742 | Depths:1 | Found a one-way gate leading to the halls of Pandemonium.
 39404 | Depths:1 | Found a sacrificial altar of Ru.
 39661 | Depths:1 | Found a burning altar of Makhleb.
 40065 | Depths:2 | Reached skill level 25 in Unarmed Combat
 40107 | Depths:2 | Lost mutation: You occasionally lose the ability to read
                  | scrolls when taking damage. [potion of mutation]
 40107 | Depths:2 | Lost mutation: You have a pair of small antennae on your
                  | head. [potion of mutation]
 40107 | Depths:2 | Gained mutation: You are frail. (-10% HP) [potion of
                  | mutation]
 40350 | Depths:2 | You are sucked into a shaft and drop 2 floors!
 40350 | Depths:4 | Entered Level 4 of the Depths
 40356 | Depths:4 | Reached XP level 20. HP: 118/118 MP: 37/37
 41862 | Depths:2 | Reached skill level 26 in Unarmed Combat
 41884 | Depths:2 | Found a broken altar of Ashenzari.
 42270 | Depths:2 | Identified the +2 cloak of Parts Unknown {Int+2 Slay+5}
 42321 | Depths:2 | Identified the amulet of Vanity {Acrobat rElec rC+ Dex+4}
 42341 | Depths:2 | Noticed a golden dragon
 42346 | Depths:2 | Killed a golden dragon
 42913 | Depths:2 | Found a runed translucent door.
 42916 | Depths:2 | Noticed Logakujy's ghost (veteran DjWn)
 42977 | Depths:2 | Killed Logakujy's ghost
 42978 | Depths:2 | Reached skill level 27 in Unarmed Combat
 42993 | Depths:2 | Found a runed translucent door.
 42993 | Depths:2 | Noticed Lyshro Ryrr's ghost (adept VSWr)
 43188 | Depths:2 | Killed Lyshro Ryrr's ghost
 43195 | Depths:2 | Found a runed translucent door.
 43195 | Depths:2 | Noticed Jyprain's ghost (veteran DrFE)
 43195 | Depths:2 | Noticed an iron giant
 43505 | Depths:3 | Found a one-way gateway to a ziggurat.
 43515 | Depths:3 | Reached XP level 21. HP: 123/123 MP: 38/38
 44450 | Depths:3 | Paralysed by an air elemental for 1 turns
 44547 | Depths:3 | Found a one-way gate to the infinite horrors of the Abyss.
 44896 | Depths:3 | Noticed an ancient lich
 45689 | Depths:3 | Killed an ancient lich
 46040 | Depths:4 | Noticed a caustic shrike
 46041 | Depths:4 | Noticed a caustic shrike
 46241 | Depths:4 | Reached skill level 10 in Earth Magic
 46268 | Depths:4 | Noticed a golden dragon
 46278 | Depths:4 | Killed a golden dragon
 46608 | Depths:4 | Noticed a caustic shrike
 46609 | Depths:4 | Noticed a caustic shrike
 46614 | Depths:4 | Killed a caustic shrike
 46614 | Depths:4 | Killed a caustic shrike
 46614 | Depths:4 | Killed a caustic shrike
 46614 | Depths:4 | Killed a caustic shrike
 47111 | Depths:4 | Noticed a bone dragon
 47115 | Depths:4 | Killed a bone dragon
 47115 | Depths:4 | Noticed a golden dragon
 47124 | Depths:4 | Killed a golden dragon
 47125 | Depths:4 | Reached XP level 22. HP: 129/129 MP: 40/40
 47128 | Depths:4 | Found a gate to the Realm of Zot.
 47406 | Hell     | Entered the Vestibule of Hell
 47406 | Hell     | Noticed Geryon
 47417 | Hell     | Reached skill level 15 in Earth Magic
 48562 | Hell     | Killed Geryon
 48945 | Depths:2 | Killed Jyprain's ghost
 49219 | Orc:1    | Entered Level 1 of the Orcish Mines
 49508 | Orc:2    | Entered Level 2 of the Orcish Mines
 49541 | Orc:2    | Found a shimmering blue altar of Sif Muna.
 49771 | Orc:2    | Found a transporter.
 49799 | Orc:2    | Found a transporter.
 49805 | Orc:2    | Noticed nidavellir's ghost (journeyman HuFi)
 50115 | Orc:2    | Found Ziseve's General Store.
 50122 | Orc:2    | Bought a potion of ambrosia for 120 gold pieces
 50297 | Orc:2    | Found Kiang's Antique Armour Emporium.
 50311 | Orc:2    | Found Pallissa's Book Emporium.
 50319 | Orc:2    | Bought an Inescapable Atlas for 480 gold pieces
 50327 | Orc:2    | Learned a level 7 spell: Storm Form
 50356 | Orc:2    | Found a staircase to the Elven Halls.
 50375 | Orc:2    | Reached skill level 1 in Air Magic
 50502 | Orc:2    | Found Digresylomn's Antique Weapon Emporium.
 50701 | Orc:2    | Killed nidavellir's ghost
 50788 | Elf:1    | Entered Level 1 of the Elven Halls
 50788 | Elf:1    | Found Quhoim's Distillery.
 50800 | Elf:1    | Bought a potion of curing for 39 gold pieces
 50800 | Elf:1    | Bought a potion of haste for 130 gold pieces
 50800 | Elf:1    | Bought a potion of heal wounds for 65 gold pieces
 50800 | Elf:1    | Bought a potion of cancellation for 104 gold pieces
 50800 | Elf:1    | Bought a potion of mutation for 104 gold pieces
 50800 | Elf:1    | Bought a potion of resistance for 130 gold pieces
 50955 | Elf:1    | Reached skill level 5 in Air Magic
 51251 | Elf:1    | Got the Thoughts on Stolen Souls
 51617 | Elf:1    | Paralysed by an air elemental for 1 turns
 52248 | Elf:2    | Found Voirak's Weapon Boutique.
 52325 | Elf:2    | Found a crumbling gateway.
 52350 | Desolati | Entered the Desolation of Salt
 52615 | Desolati | Identified the +8 long sword of Brutal Revenge {heavy,
                  | rElec Will+ Int+2}
 52631 | Desolati | Learned a level 4 spell: Manifold Assault
 52638 | Desolati | Identified the ring of Usyad {Fire Dex+3}
 52906 | Desolati | Reached skill level 10 in Air Magic
 52952 | Desolati | Got the Octavo of Damage and the Crevasse
 53009 | Desolati | Reached XP level 23. HP: 136/136 MP: 42/42
 53033 | Desolati | Identified the ring "Suerrod" {*Corrode rF+ rC+ Str+7
                  | Slay-2}
 53271 | Desolati | Identified the amulet "Wuefuol" {RegenMP Harm Rampage
                  | Regen+ Str-5}
 53274 | Desolati | Got Quikhiut's Handbook of Shapes and the Gang
 53294 | Desolati | Got the Textbook on Translocated Arson
 53301 | Desolati | Got the Almanac of Charming Calling
 53308 | Desolati | Got the Secrets of the Changed Cwm
 53311 | Desolati | Got the Codex of Geomancy
 54483 | Elf:2    | Found a huge runed translucent gate.
 54483 | Elf:2    | Found a huge runed translucent gate.
 54483 | Elf:2    | Found a huge runed translucent gate.
 54483 | Elf:2    | Found a huge runed translucent gate.
 54484 | Elf:2    | Found a huge runed translucent gate.
 55409 | Elf:3    | Entered Level 3 of the Elven Halls
 55907 | Elf:3    | Identified the +9 broad axe "Blob" {flame, Dex+3}
 55911 | Elf:3    | Identified the +9 halberd "Amorch" {freeze, Int+3}
 56186 | Elf:3    | Reached skill level 15 in Air Magic
 56212 | Elf:3    | Identified the ring of the Butterfly {rN+ Str+2}
 56224 | Elf:3    | Identified the +0 pearl dragon scales of the Candlemaker
                  | {rN+ rCorr Int+2 Dex-5}
 57284 | Snake:4  | Killed Vashnia
 57315 | Snake:4  | Got a serpentine rune of Zot
 57817 | Slime:1  | Entered Level 1 of the Pits of Slime
 57924 | Slime:1  | Gained mutation: Your spells are a little easier to cast,
                  | but a little less powerful. [a shining eye]
 57926 | Slime:1  | Lost mutation: You have an increased reservoir of magic.
                  | (+10% MP) [a shining eye]
 57927 | Slime:1  | Reached XP level 24. HP: 130/141 MP: 38/38
 57933 | Slime:1  | Reached skill level 15 in Dodging
 57939 | Slime:1  | Gained mutation: Your flesh is cold resistant. (rC+) [a
                  | shining eye]
 59832 | Slime:5  | Entered Level 5 of the Pits of Slime
 59855 | Slime:5  | Noticed the Royal Jelly
 59908 | Slime:5  | Gained mutation: Your body often deteriorates upon taking
                  | damage. [a shining eye]
 59910 | Slime:5  | Gained mutation: You occasionally shout uncontrollably at
                  | your foes. [a shining eye]
 59912 | Slime:5  | Lost mutation: You occasionally shout uncontrollably at
                  | your foes. [potion of mutation]
 59912 | Slime:5  | Lost mutation: Your spells are a little easier to cast, but
                  | a little less powerful. [potion of mutation]
 59912 | Slime:5  | Gained mutation: You possess an exceptional clarity of
                  | mind. [potion of mutation]
 60182 | Slime:5  | Found a viscous altar of Jiyva.
 60183 | Slime:5  | Found the +9 staff of Wucad Mu {*channel}
 60184 | Slime:5  | Found the +8 demon blade "Leech" {evervamp, Harm Drain rN+}
 60224 | Slime:5  | Learned a level 2 spell: Blink
 60840 | Slime:4  | Reached skill level 1 in Translocations
 61367 | Slime:5  | Killed the Royal Jelly
 62016 | Slime:5  | Got the Papyrus of Tropical Feathers
 62047 | Slime:5  | Identified the +5 morningstar of Arrival {freeze, +Blink
                  | Int+3}
 62054 | Slime:5  | Got a slimy rune of Zot
 62080 | Slime:5  | Identified the +7 sling "Nusini" {heavy, Drain rN++ Int+3
                  | SInv}
 62103 | Slime:5  | Identified the +0 short sword of Tenacity {elec, rElec rC+}
 62105 | Slime:5  | Got Sif Muna's Teachings on Clouds
 62108 | Slime:5  | Got the Precepts of Blasts
 62388 | Hell     | Reached skill level 5 in Translocations
 62617 | Hell     | Found a gateway to the freezing wastes of Cocytus.
 62713 | Hell     | Found a gateway to the ashen valley of Gehenna.
 62766 | Hell     | Found a gateway to the Iron City of Dis.
 62980 | Hell     | Found a gateway to the decaying netherworld of Tartarus.
 62992 | Tar:1    | Entered Level 1 of Tartarus
 63357 | Tar:1    | You fall into a shaft and drop 1 floor!
 63388 | Tar:2    | Reached XP level 25. HP: 116/127 MP: 37/38
 63537 | Tar:3    | Found a huge runed gate.
 63537 | Tar:3    | Found a huge runed gate.
 63537 | Tar:3    | Found a huge runed gate.
 63537 | Tar:3    | Found a huge runed gate.
 63537 | Tar:3    | Found a huge runed gate.
 63537 | Tar:3    | Found a huge runed gate.
 63537 | Tar:3    | Found a huge runed gate.
 63565 | Tar:3    | Found a huge runed gate.
 63565 | Tar:3    | Found a huge runed gate.
 63565 | Tar:3    | Found a huge runed gate.
 63565 | Tar:3    | Found a huge runed gate.
 63567 | Tar:3    | Found a huge runed gate.
 63569 | Tar:3    | Found a huge runed gate.
 63570 | Tar:3    | Found a huge runed gate.
 63594 | Tar:3    | Noticed an ancient lich
 63602 | Tar:3    | HP: 6/132 [doom hound (16)]
 64700 | Coc:1    | Entered Level 1 of Cocytus
 65026 | Coc:2    | HP: 1/145 [titan/the air (17)]
 65037 | Coc:2    | Killed from afar by a wendigo

Illustrated notes

Levels and vault maps discovered:
D:1:      dpeg_arrival_stone_temple_mockup, layout_rooms, serial_shops,
          shop_coins, nicolae_shop_stone, shop, nicolae_shop_statue_plus,
          nicolae_shop_hallway_plus, ebering_ecumenical_altar_abandoned
D:2:      layout_loops_cross, serial_aquarium, aquarium_bridge_straight
          [aquarium_subvault_bridge, aquarium_subvault_window,
          aquarium_subvault_bridge, aquarium_subvault_window],
          aquarium_bridge_island_large [aquarium_subvault_large_1_pool,
          aquarium_subvault_bridge, aquarium_subvault_window,
          aquarium_subvault_bridge, aquarium_subvault_window],
          aquarium_window_corner, aquarium_window_2, aquarium_window_1,
          aquarium_window_1, aquarium_view_2c, aquarium_balcony_double_3
D:3:      layout_basic, nicolae_overflow_ecumenical_swirl
D:4:      layout_layer_cave, lemuel_mausoleum_altar_yredelemnul,
          kennysheep_crisscross, uniq_menkaure, uniq_edmund
D:5:      layout_basic, good_gods_mini_temple, nicolae_overflow_quartered_altars
D:6:      layout_cave_pods, mainiacjoe_overflow_large_starburst,
          uniq_blork_the_orc
D:7:      layout_basic, nzn_overflow_gifts_of_might_and_magic,
          kennysheep_little_box, minmay_temple_entry_arrows
D:8:      layout_basic, mainiacjoe_overflow_catwalk, kennysheep_minor_cross
D:9:      corexii_shack_village, layout_loops_ring, kennysheep_generic_room_16
D:10:     layout_rooms, serial_shops, shop, due_unseen_surprise
D:11:     layout_layer_cave, minmay_lair_entry_grove,
          minmay_orc_entry_temple_small, minivault_10, minmay_between
D:12:     layout_basic, gammafunk_ghost_cemetery, nicolae_figureground_sparkle,
          uniq_urug
D:13:     layout_loops_cross, david_vaults_2, nicolae_trove_entry_diagonal,
          eino_tiny_chamber, kiku_gazebo_pond_becter
D:14:     evilmike_makhleb_hellhole, layout_basic,
          infiniplex_staircase_split_hallway, serial_shops, shop_fountains
D:15:     grunt_enter_depths_magical_seal, layout_irregular_city,
          minmay_misc_feat_plants, uniq_agnes
Temple:   nicolae_temple_ecumenical_triangle
Lair:1:   layout_regular_city, lemuel_centaur_altar
Lair:2:   nzn_winding_woodlands_huge [nzn_winding_woodlands_5x15_lazy_stream,
          nzn_winding_woodlands_5x15_twine, nzn_winding_woodlands_5x15_jagged,
          nzn_winding_woodlands_5x15_sidewinder,
          nzn_winding_woodlands_5x15_garden,
          nzn_winding_woodlands_5x15_concentric, nzn_winding_woodlands_5x15_eye,
          nzn_winding_woodlands_5x15_longhouse,
          nzn_winding_woodlands_5x15_river_crossing,
          nzn_winding_woodlands_5x15_pool, nzn_winding_woodlands_center_lodge,
          nzn_winding_woodlands_center_diamonds,
          nzn_winding_woodlands_15x15_thick_spiral], layout_gridlike,
          nicolae_snake_entry_warm_welcome
Lair:3:   layout_regular_city, minmay_swamp_entry_reptiles,
          cheibrodos_lair_lostbears, infiniplex_staircase_pool,
          grunt_megastairs_1
Lair:4:   layout_roguey, gammafunk_ghost_split, pond, grunt_megastairs_4
Lair:5:   evil_forest, layout_gridlike, minmay_slime_entry_jelly_boxes,
          gauntlet_entry_generic, serial_bayou_lagoon_a
Swamp:1:  nicolae_swamp_flooded_prison, layout_basic_swamp,
          infiniplex_staircase_pool_2
Swamp:2:  layout_falls_marsh, evilmike_swamp_ruin_wall, swamp_pool2,
          nicolae_swamp_bloodsuckers_inc
Swamp:3:  layout_basic_swamp, nicolae_swamp_triple_paths, swamp_pool1,
          st_swamp_mini, uniq_aizul
Swamp:4:  swamp_alternative, layout_basic_swamp, uniq_mara
Snake:1:  layout_grid_shapes, ebering_ghost_gozag
Snake:2:  layout_grid_shapes, nicolae_snake_yet_another_twisty_hallway
Snake:3:  layout_cave_shapes
Snake:4:  grunt_snake_rune_serpentine_throne, layout_layer_cave,
          serial_bayou_shore_b, minmay_shoptagon, grunt_megastairs_5
Slime:1:  layout_caves
Slime:2:  layout_caves
Slime:3:  layout_caves
Slime:4:  cheibrodos_slime_lost_civilization_3, layout_caves
Slime:5
Orc:1:    layout_caves
Orc:2:    grunt_orc_cross, layout_diamond_mine,
          gammafunk_ghost_berserking_beasts, kennysheep_orc_sif_temple
Elf:1:    layout_geoelf_diagonals, serial_shops, nicolae_shop_advertising_works
          [nicolae_subvault_shop_adworks], minmay_elf_necromancy
Elf:2:    elven_hall_of_blades_hangedman_alternative
          [infiniplex_blade_entry_pillars], layout_loops_corners, serial_shops,
          shop, portal_desolation_entry_nicolae_slug
Elf:3:    grunt_elf_hall_diamonds, layout_geoelf_octagon
Depths:1: layout_forbidden_donut, pan_entry, hellmouth_2, lemuel_doored_altar,
          makhleb_altar_promises_db, grunt_megastairs_3
Depths:2: kennysheep_windowed_halls, layout_gridlike, pan_entry,
          evilmike_ruin_ashenzari, hell_entry,
          muffindrake_ghost_three_little_ghosts,
          infiniplex_staircase_hallway_doors
Depths:3: constructs_gauntlet_mu_hangedman, layout_gridville, enter_ziggurat_b,
          hell_entry, special_room [special_room_mythical_zoo], abyss_entry,
          infiniplex_staircase_zigzag_1
Depths:4: grunt_zot_entry_gee_three, layout_cave_shapes, hell_entry,
          hangedman_abyss_or_decor_clamps, eino_small_chamber_without_monster,
          glass_columns_c, serial_bayou_shore_a
Hell
Coc:1:    layout_cocytus_water_paths
Coc:2:    nicolae_hells_giants_party, layout_cocytus_water_paths
Tar:1:    layout_grid_maze
Tar:2:    layout_cathedral_of_symmetry, nicolae_tar_cuneiform_bird
Tar:3:    layout_honeycomb, door_vault

Skill      XL: |  1  2  3  4  5  6  7  8  9 10 11 12 13 14 15 16 17 18 19 20 21 22 23 24 25 |
---------------+----------------------------------------------------------------------------+-----
Transmutations | 3 4 5 7 8 9 12 15 | 15.1
Unarmed Combat | 5 7 8 9 12 15 18 21 23 25 27 | 27.0
Fighting       | 3 4 5 10 11 | 11.0
Dodging        | 3 6 8 10 11 14 17 19 | 19.2
Spellcasting   | 5 8 9 10 11 | 11.3
Stealth        | 4 7 |  7.2
Earth Magic    | 6 7 14 15 | 15.1
Air Magic      | 10 16 | 16.0
Translocations | 9 |  9.1
Long Blades    | |  0.6
Ranged Weapons | |  0.6
Shields        | |  0.4
Conjurations   | |  0.4
Hexes          | |  0.4
Summonings     | |  0.4
Necromancy     | |  0.5
Fire Magic     | |  0.4
Invocations    | |  0.8

Action                     |  1- 3 |  4- 6 |  7- 9 | 10-12 | 13-15 | 16-18 | 19-21 | 22-24 | 25-27 || total
---------------------------+-------+-------+-------+-------+-------+-------+-------+-------+-------++-------
  Melee: Unarmed           |    70 |   104 |   328 |   441 |   625 |   701 |   796 |  1238 |   121 ||  4424
         Constrict         |    14 |    21 |    28 |    10 |    35 |    13 |    39 |     7 |       ||   167
         Tentacles         |    13 |    24 |    27 |    16 |    74 |    21 |   100 |    12 |       ||   287
         Punch             |     1 |     1 |    11 |    14 |    55 |    81 |   145 |   225 |    28 ||   561
         Kick              |     8 |     7 |    20 |       |       |       |       |       |       ||    35
         Staff             |       |       |       |     9 |       |       |       |       |       ||     9
         Bite              |       |       |       |    18 |    45 |    74 |    60 |    40 |       ||   237
         Tailslap          |       |       |       |    21 |    66 |    89 |    59 |    59 |       ||   294
  Throw: Dart              |       |       |     4 |       |       |       |       |       |       ||     4
   Cast: Beastly Appendage |     5 |     5 |     5 |       |       |       |       |       |       ||    15
         Spider Form       |       |     4 |    22 |       |       |       |       |       |       ||    26
         Ice Form          |       |       |     8 |    23 |     3 |     1 |     1 |       |       ||    36
         Dragon Form       |       |       |       |    14 |    31 |    50 |    38 |    31 |       ||   164
         Statue Form       |       |       |       |     2 |    16 |    11 |    34 |       |       ||    63
         Blade Hands       |       |       |       |     2 |       |       |       |       |       ||     2
         Storm Form        |       |       |       |       |       |       |       |    60 |     4 ||    64
         Lee's Rapid Decon |       |       |       |       |       |       |       |     9 |       ||     9
         Manifold Assault  |       |       |       |       |       |       |       |    14 |       ||    14
         Blink             |       |       |       |       |       |       |       |     5 |       ||     5
 Invoke: Serpent's Lash    |       |       |       |       |     3 |     8 |     5 |     5 |     1 ||    22
Ability: Lunge             |       |       |     3 |    48 |    39 |    96 |    91 |   172 |    13 ||   462
         Whirlwind         |       |       |       |    82 |   118 |   193 |   175 |   221 |    30 ||   819
         Wall Jump         |       |       |       |     3 |    10 |    13 |     9 |     8 |       ||    43
         Breathe Fire      |       |       |       |     1 |     1 |     3 |     4 |       |       ||     9
         End Transformatio |       |       |       |       |     1 |       |       |       |       ||     1
         Blinkbolt         |       |       |       |       |       |       |       |     4 |     4 ||     8
  Evoke: Wand              |       |       |     1 |     2 |     1 |     4 |     7 |       |       ||    15
         Phial of floods   |       |       |       |       |       |       |     1 |       |       ||     1
    Use: Potion            |       |     1 |     2 |       |       |     9 |     4 |     3 |     1 ||    20
         Scroll            |       |     5 |     4 |     3 |    11 |    13 |    13 |     7 |     2 ||    58
   Stab: Sleeping          |     4 |     3 |    11 |    10 |    20 |    16 |    15 |    50 |     6 ||   135
         Distracted        |       |       |       |       |     1 |     2 |     6 |    15 |       ||    24
         Fleeing           |       |       |       |       |     2 |       |       |       |       ||     2
 Armour: Skin              |     9 |    16 |    59 |   148 |   252 |   207 |   150 |    86 |     6 ||   933
  Dodge: Dodged            |    47 |    55 |   301 |   244 |   392 |   337 |   476 |   713 |    89 ||  2654
  Block: Other             |       |       |       |       |       |     8 |    50 |       |       ||    58
         Reflection        |       |       |       |       |       |       |     4 |       |       ||     4

Table legend: (Time is in decaauts)
 A = Elapsed time spent in this place.
 B = Non-inter-level travel time spent in this place.
 C = Inter-level travel time spent in this place.
 D = Time resting spent in this place.
 E = Time spent auto-exploring this place.
 F = Levels seen in this place.
 G = Mean time per level.
                   A        B        C        D        E       F      G
               +--------+--------+--------+--------+--------+-----+--------+
         Total |  66060 |  60722 |   5338 |  13980 |  33315 |  51 | 1295.3 |
       Dungeon |  21623 |  19418 |   2205 |   3726 |  11692 |  15 | 1441.5 |
        Temple |     57 |     52 |      5 |      0 |     38 |   1 |   57.0 |
          Lair |   8272 |   7215 |   1057 |    550 |   5172 |   5 | 1654.4 |
         Swamp |   4657 |   4543 |    114 |   1280 |   2306 |   4 | 1164.2 |
     Snake Pit |   6002 |   5690 |    312 |   1621 |   2963 |   4 | 1500.5 |
    Slime Pits |   4527 |   4166 |    361 |    802 |   2210 |   5 |  905.4 |
  Orcish Mines |   1599 |   1423 |    176 |    223 |    842 |   2 |  799.5 |
   Elven Halls |   4406 |   4057 |    349 |    350 |   2841 |   3 | 1468.7 |
        Depths |  10771 |  10090 |    681 |   4699 |   3335 |   4 | 2692.8 |
          Hell |   1046 |   1000 |     46 |     93 |    586 |   1 | 1046.0 |
       Cocytus |    326 |    301 |     25 |      0 |    206 |   2 |  163.0 |
      Tartarus |    604 |    599 |      5 |      2 |    429 |   3 |  201.3 |
    Desolation |   1361 |   1361 |      0 |    181 |    520 |   1 | 1361.0 |
      Gauntlet |    803 |    803 |      0 |    452 |    174 |   1 |  803.0 |
               +--------+--------+--------+--------+--------+-----+--------+

Top non-repeatable levels by time:
Depths:3: 3472 daAuts
Depths:4: 2677 daAuts
Depths:1: 2628 daAuts
    D:11: 2412 daAuts
  Lair:5: 2161 daAuts
 Snake:4: 2073 daAuts
Depths:2: 1993 daAuts
  Lair:2: 1963 daAuts
     D:8: 1955 daAuts
     D:6: 1885 daAuts
   Elf:2: 1830 daAuts
     D:4: 1807 daAuts
     D:7: 1800 daAuts
 Swamp:1: 1680 daAuts
  Lair:4: 1634 daAuts
